 Dungeon Crawl Stone Soup version 0.32-a0-576-g706899e (webtiles) character file.

Game seed: 8400432208125247807

46537 Remcycle the Impaler (level 14, -10/113 HPs)
             Began as a Merfolk Berserker on Mar 1, 2024.
             Was the Champion of Trog.
             Mangled by a reaper
             ... wielding a -4 scythe of freezing
              (12 damage)
             ... in an ice cave.
             The game lasted 00:51:50 (17794 turns).

Remcycle the Impaler (Merfolk Berserker)           Turns: 17794, Time: 00:51:52

Health: -10/113    AC: 19    Str: 21    XL:     14   Next: 38%
Magic:  14/14      EV: 11    Int:  6    God:    Trog [******]
Gold:   932        SH:  0    Dex: 18    Spells: 13/13 levels left

rFire   + . .        b - +3 scythe (flame)
rCold   + + +        (shield currently unavailable)
rNeg    . . .        M - +2 plate armour {rC+}
rPois   +            j - +1 helmet
rElec   .            c - scarf {rC+ rF+}
rCorr   .            v - +0 pair of gloves
SInv    +            (no boots)
Will    ++...        I - amulet of regeneration Stlth
                     k - ring of protection from cold
HPRegen 1.18/turn    H - ring "Tarhix" {rPois Will+ Dex+3 SInv}
MPRegen 0.14/turn

%: no passive effects
@: about to teleport
A: (nimble swimmer 2), mertail
a: Renounce Religion, Berserk, Trog's Hand, Brothers in Arms


You were in an ice cave.
You worshipped Trog.
Trog was exalted by your worship.
You visited 3 branches of the dungeon, and saw 17 of its levels.
You also visited: Trove, Bailey and Ice Cave.

You collected 932 gold pieces.

Inventory:

Hand Weapons
 a - a +3 trident of venom
 b - a +3 scythe of flaming (weapon)
Armour
 c - a scarf of resistance (worn)
 j - a +1 helmet (worn)
 v - a +0 pair of gloves (worn)
 z - the +1 tower shield of Sif Muna's Envy {rPois SInv}
   (You found it in a bailey)

   rPois:     It protects you from poison.
   SInv:      It lets you see invisible.
 M - a +2 plate armour of cold resistance (worn)
Jewellery
 k - a ring of protection from cold (left hand)
 l - a +6 ring of dexterity
 p - a +6 ring of strength
 y - an amulet of guardian spirit
 C - a ring of positive energy
 F - a ring of willpower
 H - the ring "Tarhix" (right hand) {rPois Will+ Dex+3 SInv}
   (You found it in a treasure trove)

   [ring of see invisible]

   Dex+3:     It affects your dexterity (+3).
   rPois:     It protects you from poison.
   Will+:     It increases your willpower.
   SInv:      It lets you see invisible.
 I - an amulet of regeneration (around neck)
 J - a ring of protection from cold
 K - an amulet of magic regeneration
Wands
 r - a wand of quicksilver (6) (quivered)
 B - a wand of mindburst (7)
 G - a wand of polymorph (9)
Scrolls
 f - 3 scrolls of enchant weapon
 h - 3 scrolls of immolation
 n - 2 scrolls of brand weapon
 s - 5 scrolls of teleportation
 u - 10 scrolls of identify
 x - a scroll of blinking
 A - a scroll of noise
 D - 2 scrolls of fog
 L - a scroll of enchant armour
Potions
 d - a potion of berserk rage
 e - 10 potions of curing
 g - 2 potions of enlightenment
 i - 6 potions of mutation
 m - 4 potions of cancellation
 o - 5 potions of haste
 q - 2 potions of lignification
 t - 2 potions of ambrosia


   Skills:
 + Level 11.2 Fighting
 - Level 20.0 Polearms
 + Level 8.7 Armour
 - Level 10.0 Dodging
 + Level 10.6 Shields


You had 13 spell levels left.
You didn't know any spells.
Your spell library was empty.

Dungeon Overview and Level Annotations

Branches:
Dungeon (12/15)            Temple (1/1) D:7            Lair (4/5) D:9
  Swamp (0/4) Lair:3        Snake (0/4) Lair:2          Orc (0/2) D:9
 Bailey (visited)           IceCv (1/1)
  Slime: Lair:4-5

Altars:
Ashenzari
Cheibriados
Dithmenos
Elyvilon
Fedhas
Gozag
Hepliaklqana
Kikubaaqudgha
Makhleb
Nemelex Xobeh
Okawaru
Qazlal
Ru
Sif Muna
Trog
Uskayaw
Vehumet
Wu Jian
Xom
Yredelemnul
Zin
The Shining One


Innate Abilities, Weirdness & Mutations

((You are very nimble when in or above water. (Stealth+, EV+, Speed+++)))
Your lower body shifts to a powerful aquatic tail in water.


Message History

A three-headed hydra simulacrum comes into view.
You slash the reaper! You burn the reaper.
The reaper is lightly wounded.
You are engulfed in freezing vapours.
You resist.
You feel less invigorated.
You feel less confused.
You slice the ice devil!! You burn the ice devil.
You kill the ice devil!
Trog accepts your kill.
You are engulfed in freezing vapours.
You resist.
The reaper hits you with a -4 scythe of freezing!!
* * * LOW HITPOINT WARNING * * *
The reaper freezes you.
* * * LOW HITPOINT WARNING * * *
You closely miss the reaper.
The reaper is lightly wounded.
You are engulfed in freezing vapours.
You resist.
* * * LOW HITPOINT WARNING * * *
The reaper hits you with a -4 scythe of freezing!!
* * * LOW HITPOINT WARNING * * *
The white imp gestures at you. The puff of frost hits you. You resist.
* * * LOW HITPOINT WARNING * * *
Okay, then.
As you read the scroll of fear, it crumbles to dust.
You assume a fearsome visage.
The three-headed hydra simulacrum is unaffected.
The white imp looks frightened!
The reaper resists with almost no effort.
The polar bear simulacrum is unaffected.
You are engulfed in freezing vapours.
You resist.
* * * LOW HITPOINT WARNING * * *
The reaper closely misses you.
As you read the scroll of teleportation, it crumbles to dust.
You feel strangely unstable.
You are engulfed in freezing vapours.
You resist.
* * * LOW HITPOINT WARNING * * *
The polar bear simulacrum bites you but does no damage.
The polar bear simulacrum closely misses you.
The polar bear simulacrum claws you but does no damage.
The reaper hits you with a -4 scythe of freezing!
You die...

..#..# #...##.. ...
.......# #..###..
#..####...#...# ##.#
##. .........#...# #..
#. ....... #...## ...
##. #5.#..###....#
....#..
#..#Z##......##[..##..
#..#Z#☼.§..#..## #..#
##.2@§.#§###..## #..#
#...○#...# #...###.##
#.5☼○§☼.## ##..#..##
##.☼....# ##....#
#.....## ##..##
##...## #### ##.## ###


You could see a reaper, a white imp (fleeing), a three-headed hydra simulacrum
and a polar bear simulacrum.

Vanquished Creatures
  A stone giant (D:12)
  An ettin (D:12)
  2 hydras (Lair:4)
  A boulder beetle (D:11)
  3 two-headed ogres
  A centaur warrior (D:12)
  4 death yaks (Lair:4)
  A deep troll earth mage (D:12)
  5 occultists (D:11)
  A skyshark (Lair:2)
  A swamp dragon (Lair:3)
  8 arcanists (D:11)
  Pikel (D:6)
  An orc knight (Bailey)
  An ugly thing (D:12)
  A cyclops (D:11)
  A black mamba (Lair:1)
  A manticore (D:11)
  A torpor snail (Lair:1)
  11 cane toads
  2 ice statues (IceCv)
  Maggie (D:8)
  A rime drake (Lair:4)
  10 komodo dragons
  A kobold demonologist (D:12)
  4 ice devils (IceCv)
  A troll (D:12)
  2 polar bears
  2 hornets
  3 blink frogs (Lair:1)
  2 shadows
  Sigmund (D:3)
  5 wraiths
  4 wyverns
  51 yaks
  A death yak simulacrum (IceCv)
  A basilisk (Lair:1)
  10 steam dragons
  4 nagas (Lair:2)
  A hydra simulacrum (IceCv)
  11 orc warriors
  7 water moccasins
  An acid dragon (D:8)
  Duvessa (D:4)
  A black bear (D:8)
  3 wolves (Lair:1)
  3 ogres (D:6)
  2 centaurs
  A lemure (D:6)
  A phantom (D:5)
  4 kobold brigands
  A two-headed ogre simulacrum (IceCv)
  2 scorpions
  11 bullfrogs
  5 wights
  Dowan (D:4)
  13 killer bees
  An elephant simulacrum (IceCv)
  An electric eel (D:10)
  8 howler monkeys
  4 hounds
  2 bombardier beetles (D:4)
  2 jellies
  5 gnoll boudas
  9 orc priests
  Terence (D:3)
  2 iguanas
  7 orc wizards
  A polar bear simulacrum (IceCv)
  5 troll simulacra (IceCv)
  Robin (D:3)
  27 gnolls
  A naga simulacrum (IceCv)
  8 adders
  2 shadow imps
  4 ufetubi
  2 dart slugs
  A ribbon worm (D:4)
  45 orcs
  4 ball pythons
  8 bats
  9 endoplasms
  15 giant cockroaches
  16 goblins
  10 hobgoblins
  3 jackals (D:2)
  18 kobolds
  7 quokkas
  2 frilled lizards (D:3)
  2 rats (D:1)
455 creatures vanquished.

Vanquished Creatures (others)
  An occultist (D:11)
  An orc wizard (D:8)
  An orc (D:8)
  4 kobolds (D:8)
7 creatures vanquished.

Grand Total: 462 creatures vanquished

Notes
Turn   | Place    | Note
-------+----------+-------------------------------------------
     0 | D:1      | Remcycle the Merfolk Berserker began the quest for the Orb.
     0 | D:1      | Reached XP level 1. HP: 18/18 MP: 1/1
   111 | D:1      | Reached XP level 2. HP: 22/24 MP: 2/2
   182 | D:1      | Reached skill level 5 in Polearms
   348 | D:1      | Reached XP level 3. HP: 29/29 MP: 3/3
   416 | D:1      | Reached ** piety under Trog
   914 | D:2      | Reached skill level 6 in Polearms
   974 | D:2      | Reached XP level 4. HP: 35/35 MP: 4/4
  1041 | D:2      | Found a faded altar of an unknown god.
  1153 | D:2      | You fall into a shaft and drop 1 floor!
  1166 | D:3      | Reached skill level 7 in Polearms
  1198 | D:3      | Noticed Terence
  1210 | D:3      | Killed Terence
  1211 | D:3      | Reached XP level 5. HP: 28/41 MP: 5/5
  1486 | D:2      | Reached *** piety under Trog
  1993 | D:3      | Noticed Sigmund
  2010 | D:3      | Killed Sigmund
  2011 | D:3      | Reached skill level 9 in Polearms
  2011 | D:3      | Reached XP level 6. HP: 23/47 MP: 6/6
  2595 | D:3      | Noticed Robin
  2607 | D:3      | Killed Robin
  3107 | D:4      | Found a radiant altar of Vehumet.
  3180 | D:4      | Noticed Dowan
  3181 | D:4      | Noticed Duvessa
  3190 | D:4      | Killed Duvessa
  3191 | D:4      | Reached skill level 10 in Polearms
  3191 | D:4      | Reached XP level 7. HP: 49/52 MP: 7/7
  3195 | D:4      | Killed Dowan
  3393 | D:4      | Reached skill level 11 in Polearms
  3873 | D:5      | Entered Level 5 of the Dungeon
  4037 | D:5      | Reached skill level 12 in Polearms
  4037 | D:5      | Reached XP level 8. HP: 58/58 MP: 8/8
  4073 | D:5      | Reached **** piety under Trog
  4379 | D:5      | Found a white marble altar of Elyvilon.
  4775 | D:6      | Reached skill level 13 in Polearms
  5131 | D:6      | Reached skill level 14 in Polearms
  5312 | D:6      | Noticed Pikel
  5316 | D:6      | Killed Pikel
  5317 | D:6      | Reached skill level 15 in Polearms
  5317 | D:6      | Reached XP level 9. HP: 64/64 MP: 9/9
  5531 | D:6      | Found a snail-covered altar of Cheibriados.
  5534 | D:6      | Found a shimmering blue altar of Sif Muna.
  5538 | D:6      | Found an iron altar of Okawaru.
  5764 | D:7      | Found a flagged portal.
  5774 | Bailey   | Entered a bailey
  5832 | Bailey   | Reached skill level 16 in Polearms
  6103 | Bailey   | Noticed an orc knight
  6107 | Bailey   | Killed an orc knight
  6158 | Bailey   | Identified the +4 ice dragon scales of the Sky {rF- rC++
                  | Str-4 Int+4 Dex+2}
  6161 | Bailey   | Identified the +1 tower shield of Sif Muna's Envy {rPois
                  | SInv}
  6407 | D:7      | Identified the +0 scale mail of Objectivity {rN++}
  6432 | D:7      | Found a staircase to the Ecumenical Temple.
  6466 | Temple   | Entered the Ecumenical Temple
  6501 | D:7      | Reached XP level 10. HP: 73/73 MP: 10/10
  6507 | D:7      | Reached skill level 1 in Shields
  6594 | D:7      | Reached skill level 5 in Dodging
  6908 | D:7      | Found an ornate altar of the Wu Jian Council.
  7064 | D:8      | Noticed Maggie
  7074 | D:8      | Reached skill level 5 in Fighting
  7099 | D:8      | Reached ***** piety under Trog
  7116 | D:8      | Killed Maggie
  7498 | D:8      | Found a blossoming altar of Fedhas.
  7736 | D:9      | Found a basalt altar of Yredelemnul.
  7761 | D:9      | Found a staircase to the Lair.
  7979 | D:9      | Found a hide-covered altar of Uskayaw.
  8124 | D:9      | Reached skill level 17 in Polearms
  8464 | D:9      | Reached XP level 11. HP: 75/82 MP: 9/11
  9075 | D:9      | Found a staircase to the Orcish Mines.
  9293 | Lair:1   | Entered Level 1 of the Lair of Beasts
  9329 | Lair:1   | Reached skill level 5 in Shields
  9502 | Lair:1   | Identified the +5 rapier "Mievabif" {flame, Dex+3}
  9564 | Lair:1   | Reached skill level 5 in Armour
  9572 | Lair:1   | Received a gift from Trog
  9738 | Lair:1   | Reached XP level 12. HP: 89/92 MP: 12/12
  9897 | Lair:1   | Reached skill level 18 in Polearms
 10756 | Lair:2   | Noticed a skyshark
 10772 | Lair:2   | Killed a skyshark
 10953 | Lair:2   | Found a staircase to the Snake Pit.
 10961 | Lair:2   | Reached skill level 10 in Dodging
 12519 | Lair:3   | Found a staircase to the Swamp.
 13166 | Lair:3   | Reached XP level 13. HP: 102/102 MP: 13/13
 13494 | Lair:4   | Reached skill level 19 in Polearms
 13697 | Lair:4   | Reached skill level 10 in Fighting
 14640 | D:10     | Entered Level 10 of the Dungeon
 14922 | D:10     | Found a sacrificial altar of Ru.
 15200 | D:10     | Found a glowing golden altar of the Shining One.
 15465 | D:10     | Found a portal to a secret trove of treasure.
 15490 | D:10     | Found a stormy altar of Qazlal.
 15490 | D:10     | Found an opulent altar of Gozag.
 15491 | D:10     | Found a burning altar of Makhleb.
 15805 | D:10     | You paid a toll of +4 ice dragon scales to enter a treasure
                  | trove
 15806 | Trove    | Entered a treasure trove
 15826 | Trove    | Identified the +10 mace of the Jumping Owl {pain, rC++ rN++
                  | Dex-5}
 15845 | Trove    | Identified the ring "Tarhix" {rPois Will+ Dex+3 SInv}
 16091 | D:11     | Received a gift from Trog
 16750 | D:11     | Reached skill level 20 in Polearms
 16936 | D:11     | Reached XP level 14. HP: 100/110 MP: 14/14
 16981 | D:11     | Reached skill level 10 in Shields
 16984 | D:11     | Found the +3 warlock's mirror {omnireflect}
 17517 | D:12     | Noticed a stone giant
 17551 | D:12     | Killed a stone giant
 17574 | D:12     | Found a frozen archway.
 17606 | IceCv    | Entered an ice cave
 17632 | IceCv    | Reached ****** piety under Trog
 17692 | IceCv    | Identified the +9 quarterstaff "Nayfaek" {antimagic, ^Drain
                  | rN+ Dex+2} (Trog gifted it to you in an ice cave)
 17692 | IceCv    | Received a gift from Trog
 17768 | IceCv    | Noticed a reaper
 17792 | IceCv    | HP: 3/113 [reaper/-4 scythe of freezing (20)]
 17793 | IceCv    | HP: 1/113 [something (1)]
 17794 | IceCv    | Mangled by a reaper

Illustrated notes

Levels and vault maps discovered:
D:1:      roderic_crop_circles_arrival_small, layout_basic
D:2:      minmay_roachtagon, layout_rooms, ebering_ecumenical_altar_ruins,
          serial_bayou, serial_bayou_shore_b, serial_bayou_pond_b,
          serial_bayou_pond_d, serial_bayou_ford_a
D:3:      layout_basic, st_stairs_10, uniq_terence, uniq_sigmund, uniq_robin
D:4:      layout_gridville, overflow_temple_1_default, uniq_duvessa
D:5:      layout_loops_cross, nicolae_elyvilon_temple_path,
          lightli_corner_chamber
D:6:      layout_loops_ring, grunt_temple_overflow_diamond, uniq_pikel
D:7:      layout_loops_ring, mainiacjoe_overflow_alcove_2,
          minmay_temple_entry_overgrown, enter_bailey_5
D:8:      layout_rooms, mainiacjoe_overflow_boulevard,
          hangedman_abyss_or_decor_clamps, grunt_ministairs_10,
          hangedman_decor_push, minmay_circle_x, uniq_maggie
D:9:      argonaut_augean_stables, layout_irregular_city,
          nicolae_uskayaw_murder_on_the_dancefloor, mainiacjoe_overflow_catwalk,
          dpeg_oklobed_lair, serial_co_window_serial, co_window_paths_a,
          co_window_corner_a, co_window_corner_a, co_window_corner_a,
          co_window_paths_a, co_window_of_opportunity_b, co_window_2corner,
          co_window_2corner, co_window_unsneaky_path_a,
          co_window_unsneaky_path_d, co_window_paths_c, glass_columns_a,
          glass_columns_c, glass_columns_a
D:10:     layout_basic, nicolae_ru_path_of_blood, nicolae_tso_carved_into_rock,
          gammafunk_temple_overflow_forgotten, enter_trove_1,
          dreamdust_princess_corridor
D:11:     minmay_smoke_and_mirrors, layout_layer_cave
D:12:     minmay_complete_graph, layout_stronghold,
          portal_ice_cave_entry_pillars_2
Temple:   nicolae_temple_two_arcs
Lair:1:   layout_chaotic_city
Lair:2:   layout_layer_cave, minmay_snake_entry_guardpost_small,
          grunt_megastairs_5
Lair:3:   layout_roguey, mainiacjoe_swamp_entry_lozenge_pond,
          grunt_forest_stairs_basic, bobbens_dragon_lair_wall,
          serial_bayou_shore_b
Lair:4:   layout_long_grid
IceCv:    ice_cave_small_demon

Skill      XL: |  1  2  3  4  5  6  7  8  9 10 11 12 13 14 |
---------------+-------------------------------------------+-----
Polearms       | 5 6 7 9 10 12 15 16 17 18 20 | 20.0
Dodging        | 4 7 9 10 | 10.0
Fighting       | 4 6 8 9 10 11 | 11.2
Armour         | 2 4 5 6 8 |  8.7
Shields        | 3 5 7 9 10 | 10.6

Action                     |  1- 3 |  4- 6 |  7- 9 | 10-12 | 13-15 || total
---------------------------+-------+-------+-------+-------+-------++-------
  Melee: Spear             |   154 |   172 |       |       |       ||   326
         Tailslap          |       |     1 |       |     5 |       ||     6
         Halberd           |       |    38 |   244 |       |    64 ||   346
         Trident           |       |       |    13 |   796 |   461 ||  1270
 Invoke: Berserk           |     1 |       |     2 |     1 |     1 ||     5
         Trog's Hand       |       |       |     1 |     2 |     1 ||     4
    Use: Scroll            |       |     6 |    11 |     9 |     5 ||    31
         Potion            |       |       |     1 |     1 |     6 ||     8
   Stab: Sleeping          |     1 |       |       |       |       ||     1
         Distracted        |       |       |       |     1 |       ||     1
 Armour: Animal skin       |    38 |       |       |       |       ||    38
         Chain mail        |    33 |   122 |    97 |       |       ||   252
         Ice dragon scales |       |       |     3 |   343 |   103 ||   449
         Plate armour      |       |       |       |       |   140 ||   140
  Dodge: Dodged            |    67 |    65 |    73 |   227 |   131 ||   563
  Block: Tower shield      |       |       |     9 |   677 |   304 ||   990

Table legend: (Time is in decaauts)
 A = Elapsed time spent in this place.
 B = Non-inter-level travel time spent in this place.
 C = Inter-level travel time spent in this place.
 D = Time resting spent in this place.
 E = Time spent auto-exploring this place.
 F = Levels seen in this place.
 G = Mean time per level.
                   A        B        C        D        E       F      G
               +--------+--------+--------+--------+--------+-----+--------+
         Total |  17428 |  16449 |    979 |    616 |  12615 |  20 |  871.4 |
       Dungeon |  11394 |  10756 |    638 |    206 |   8507 |  12 |  949.5 |
        Temple |      1 |      1 |      0 |      0 |      0 |   1 |    1.0 |
          Lair |   5199 |   4858 |    341 |    240 |   3803 |   4 | 1299.8 |
         Trove |    119 |    119 |      0 |      0 |     64 |   1 |  119.0 |
        Bailey |    544 |    544 |      0 |    159 |    169 |   1 |  544.0 |
      Ice Cave |    168 |    168 |      0 |     11 |     70 |   1 |  168.0 |
               +--------+--------+--------+--------+--------+-----+--------+

Top non-repeatable levels by time:
  Lair:2: 1649 daAuts
     D:9: 1648 daAuts
  Lair:3: 1382 daAuts
    D:11: 1299 daAuts
     D:3: 1296 daAuts
  Lair:1: 1227 daAuts
    D:10: 1210 daAuts
     D:6: 950 daAuts
  Lair:4: 940 daAuts
     D:4: 911 daAuts
     D:1: 858 daAuts
     D:5: 850 daAuts
     D:7: 823 daAuts
     D:2: 732 daAuts
     D:8: 637 daAuts
